 Dungeon Crawl Stone Soup version 0.24-a0-525-g9231cdcba1 (webtiles) character file.

Game seed: 986348494310331006

770 HELP the Stinger (level 7, 0/46 HPs)
             Began as a Demonspawn Venom Mage on Aug 1, 2019.
             Was a Believer of Vehumet.
             Shot with an arrow by a centaur (18 damage)
             ... on level 5 of the Dungeon on Aug 2, 2019.
             The game lasted 00:34:13 (5769 turns).

HELP the Stinger (Demonspawn Venom Mage)            Turns: 5769, Time: 00:34:13

Health: 0/46       AC:  7    Str:  8    XL:     7   Next: 53%
Magic:  2/13       EV: 13    Int: 18    God:    Vehumet [**....]
Gold:   209        SH:  0    Dex: 14    Spells: 5/14 levels left

rFire    . . .     SeeInvis .   a - +0 dagger
rCold    . . .     Gourm    .   (no shield)
rNeg     . . .     Faith    .   e - +0 robe
rPois    +         Spirit   .   (no helmet)
rElec    .         Reflect  .   (no cloak)
rCorr    .         Harm     +   (no gloves)
MR       .....                  t - +2 pair of boots
Stlth    ++++......             n - amulet of harm
HPRegen  0.15/turn              A - ring of poison resistance
MPRegen  0.13/turn              (no ring)

@: very slightly contaminated
A: claws 1, thin metallic scales 1, nightstalker 1
a: Renounce Religion


You were on level 5 of the Dungeon.
You worshipped Vehumet.
Vehumet was pleased with you.
You were not hungry.

You visited 1 branch of the dungeon, and saw 5 of its levels.

You collected 209 gold pieces.

Inventory:

Hand Weapons
 a - a +0 dagger (weapon)
 b - a +0 hunting sling
 h - a +0 mace
Missiles
 f - 162 stones (quivered)
 y - 17 sling bullets
Armour
 e - a +0 robe (worn)
 t - a +2 pair of boots (worn)
 E - a +0 cloak
Jewellery
 n - an amulet of harm (around neck)
 A - a ring of poison resistance (left claw)
Scrolls
 d - 2 scrolls of fear
 g - 4 scrolls of teleportation
 i - 2 scrolls of blinking
 j - 4 scrolls of remove curse
 l - 2 scrolls of enchant armour
 m - 12 scrolls of identify
 u - a scroll of fog {unknown}
 v - a scroll of amnesia
 x - a scroll of magic mapping {unknown}
Potions
 k - a potion of invisibility {unknown}
 o - 3 potions of curing {unknown}
 p - a potion of ambrosia {unknown}
 q - 2 potions of brilliance {unknown}
 r - 4 potions of agility
 s - a potion of degeneration {unknown}
 w - a potion of berserk rage {unknown}
 z - a potion of mutation {unknown}
 B - 2 potions of heal wounds {unknown}
 C - a potion of experience {unknown}
 D - a potion of haste {unknown}
Comestibles
 c - 8 rations


   Skills:
 + Level 3.0 Dodging
 + Level 4.1 Stealth
 + Level 4.0 Spellcasting
 * Level 4.2 Conjurations
 - Level 4.8 Poison Magic


You had 5 spell levels left.
You knew the following spells:

 Your Spells              Type           Power        Failure   Level  Hunger
a - Sting                 Conj/Pois      ###.         2%          1    None
b - Poisonous Vapours     Pois/Air       ##....       9%          2    ##.....
c - Throw Frost           Conj/Ice       ##....       10%         2    ##.....
f - Flame Tongue          Conj/Fire      ##...        6%          1    None
z - Mephitic Cloud        Conj/Pois/Air  ##......     13%         3    ###....

Your spell library contained the following spells:

 Spells                   Type           Power        Failure   Level  Hunger
 Olgreb's Toxic Radiance  Pois           ###.....     21%         4    ####...
 Venom Bolt               Conj/Pois      ###.......   54%         5    ######.


Dungeon Overview and Level Annotations

Branches:
Dungeon (5/15)
 Temple: D:4-7

Altars:
Dithmenos
Elyvilon
Nemelex Xobeh
Vehumet
Xom
Zin

Annotations:
D:4 exclusion: phantom
D:5 Eustachio


Innate Abilities, Weirdness & Mutations

You have sharp fingernails.
You are partially covered in thin metallic scales. (AC +2)
You are slightly more attuned to the shadows.


Message History

The centaur hits you. The centaur misses you.
You hit Eustachio but do no damage.
Eustachio is heavily wounded.
The centaur completely misses you. Eustachio hits you but does no damage.
The centaur hits you!
Casting: Mephitic Cloud (safe; 13% risk of failure)
Confirm with . or Enter, or press ? or * to list all spells.
You don't have enough magic to cast that spell.
The centaur looks more healthy.
The centaur closely misses you.
The centaur wields a +0 shortbow.
The centaur shoots an arrow.
The arrow completely misses you.
The centaur asks, "Where am I?"
The centaur closely misses the ice beast.
Eustachio hits the centaur with a +0 falchion!
There is an open door here.
You see here an arrow.
The centaur shoots an arrow.
The arrow closely misses you.
You see here an arrow.
The centaur shoots an arrow.
The arrow hits you!
You die...

.......# ............#...
.......##...........####.
.......##..#..##.......##
.......#...#..........###
.......................#.
.....c@Yc.(..##......<...
.....###(###..#........##
..... #(# #.##........#
.....###@###.#........##
.....###_..'.....#.....#
.....###.###..#####....##
. #.# #..<# ##.....#
.###+###..####..##...
..........##...#####.
........#.......# ##.
#............#######..
........#.##.#####....


You could see an ice beast and a centaur.

Vanquished Creatures
  A centaur (D:2)
  An ogre (D:5)
  2 scorpions (D:4)
  2 crimson imps (D:5)
  A jelly (D:5)
  A centaur zombie (D:3)
  A hound (D:4)
  A centaur skeleton (D:5)
  An iguana (D:4)
  A bullfrog skeleton (D:4)
  Ijyb (D:4)
  4 gnolls (D:4)
  12 adders
  An ooze (D:1)
  An adder skeleton (D:5)
  3 dart slugs
  4 leopard geckos
  A giant cockroach (D:3)
  8 goblins
  9 hobgoblins
  11 jackals
  8 kobolds
  2 quokkas (D:2)
  11 bats
  4 frilled lizards
  A quokka zombie (D:5)
  11 rats
104 creatures vanquished.

Notes
Turn   | Place    | Note
-------+----------+-------------------------------------------
     0 | D:1      | HELP the Demonspawn Venom Mage began the quest for the Orb.
     0 | D:1      | Reached XP level 1. HP: 13/13 MP: 3/3
   376 | D:1      | Gained mutation: You have sharp fingernails. [demonic
                  | ancestry]
   376 | D:1      | Reached XP level 2. HP: 19/19 MP: 3/5
   383 | D:1      | Learned a level 2 spell: Poisonous Vapours
   866 | D:1      | Reached XP level 3. HP: 24/24 MP: 1/6
  1288 | D:1      | Learned a level 3 spell: Mephitic Cloud
  1582 | D:2      | Found a glowing silver altar of Zin.
  1589 | D:2      | Noticed a centaur
  1600 | D:2      | Killed a centaur
  1600 | D:2      | Gained mutation: You are partially covered in thin metallic
                  | scales. (AC +2) [demonic ancestry]
  1600 | D:2      | Reached XP level 4. HP: 10/30 MP: 3/8
  1969 | D:2      | Found a radiant altar of Vehumet.
  1977 | D:2      | Became a worshipper of Vehumet
  2062 | D:2      | Reached XP level 5. HP: 35/35 MP: 4/9
  2872 | D:3      | Reached * piety under Vehumet
  2872 | D:3      | Offered knowledge of Flame Tongue by Vehumet.
  3952 | D:4      | Reached XP level 6. HP: 41/41 MP: 10/10
  4018 | D:4      | Found a white marble altar of Elyvilon.
  4646 | D:4      | Learned a level 1 spell: Flame Tongue
  4927 | D:4      | Found a shimmering altar of Xom.
  4932 | D:4      | Noticed Ijyb
  4951 | D:4      | Killed Ijyb
  4951 | D:4      | Gained mutation: You are slightly more attuned to the
                  | shadows. [demonic ancestry]
  4951 | D:4      | Reached XP level 7. HP: 37/46 MP: 6/12
  4959 | D:4      | Found a shadowy altar of Dithmenos.
  4999 | D:4      | Paralysed by a crimson imp for 2 turns
  5147 | D:5      | Entered Level 5 of the Dungeon
  5370 | D:5      | Reached ** piety under Vehumet
  5370 | D:5      | Offered knowledge of Throw Frost by Vehumet.
  5374 | D:5      | Learned a level 2 spell: Throw Frost
  5720 | D:5      | Found a sparkling altar of Nemelex Xobeh.
  5753 | D:5      | Noticed Eustachio
  5769 | D:5      | Shot with an arrow by a centaur

Levels and vault maps discovered:
D:1:      eino_arrival_cavern_e, layout_rooms, interstate_on_off,
          dk_noncrumbling_2
D:2:      layout_basic, lemuel_crystal_altar, old_standard_altar,
          minmay_hexomino_c4
D:3:      layout_basic, grunt_ministairs_8
D:4:      layout_cave_pods, led_xom_imps, elyvilon_altar_1,
          grunt_dithmenos_smoke, temple_green, uniq_ijyb
D:5:      layout_cave_pools, lemuel_doored_altar, first_ration, uniq_eustachio

Skill      XL: |  1  2  3  4  5  6  7 |
---------------+----------------------+-----
Conjurations   | 2 3 4 |  4.2
Poison Magic   | 4 |  4.8
Spellcasting   | 3 4 |  4.0
Stealth        | 3 4 |  4.1
Dodging        | 2 3 |  3.0

Action                   |  1- 3 |  4- 6 |  7- 9 || total
-------------------------+-------+-------+-------++-------
Melee: Mace              |    59 |    68 |    42 ||   169
       Dagger            |       |    29 |    41 ||    70
 Fire: Hunting sling     |       |    15 |     2 ||    17
Throw: Stone             |       |    10 |       ||    10
 Cast: Sting             |    18 |    34 |     9 ||    61
       Poisonous Vapours |    16 |    25 |     3 ||    44
       Mephitic Cloud    |       |     6 |     5 ||    11
       Flame Tongue      |       |     2 |     2 ||     4
       Throw Frost       |       |       |     2 ||     2
  Use: Scroll            |       |    11 |       ||    11
 Stab: Sleeping          |     1 |     2 |     4 ||     7
       Confused          |       |     4 |     1 ||     5
  Eat: Chunk             |     3 |    10 |     3 ||    16
       Ration            |       |     1 |       ||     1
Armor: Robe              |    16 |    33 |    36 ||    85
Dodge: Dodged            |    45 |    76 |    98 ||   219

Table legend:
 A = Non-vault XP
 B = Vault XP
 C = Vault XP percentage of total XP
 D = Non-vault monster count
 E = Vault monster count
 F = Vault count percentage of total count
                 A         B        C        D         E       F
            +---------+---------+-------+---------+---------+-------
      Total |    1015 |      86 |   7.8 |      93 |      11 |  10.6
            +---------+---------+-------+---------+---------+-------
        D:1 |      64 |       0 |   0.0 |      33 |       0 |   0.0
        D:2 |     146 |      35 |  19.3 |      15 |       8 |  34.8
        D:3 |     118 |      15 |  11.3 |      19 |       2 |   9.5
        D:4 |     357 |      36 |   9.2 |      13 |       1 |   7.1
        D:5 |     330 |       0 |   0.0 |      13 |       0 |   0.0
            +---------+---------+-------+---------+---------+-------
